 Dungeon Crawl Stone Soup version 0.31-a0-240-gb923e448b6 (webtiles) character file.

Game seed: 17365284621801617655

70 qw the Shooter (level 4, -2/36 HPs)
             Began as a Minotaur Hexslinger on July 11, 2023.
             Slain by a gnoll
             ... wielding a +0 flail
              (12 damage)
             ... on level 3 of the Dungeon.
             The game lasted 00:00:35 (1705 turns).

qw the Shooter (Minotaur Hexslinger)                Turns: 1705, Time: 00:00:36

Health: -2/36      AC:  3    Str: 17 (19) XL:     4   Next: 3%
Magic:  4/4        EV: 12    Int:  7 (10) God:
Gold:   183        SH:  0    Dex: 18 (20) Spells: 4/5 levels left

rFire   . . .        e - +1 sling (heavy)
rCold   . . .        (no shield)
rNeg    . . .        i - +0 leather armour
rPois   .            (helmet restricted)
rElec   .            (no cloak)
rCorr   .            (no gloves)
SInv    .            (no boots)
Will    .....        (no amulet)
Stlth   +            g - +6 ring of dexterity
HPRegen 0.26/turn    b - +6 ring of strength
MPRegen 0.09/turn

%: no passive effects
@: no status effects
A: horns 2, retaliatory headbutt
a: no special abilities


You were on level 3 of the Dungeon.
You visited 1 branch of the dungeon, and saw 3 of its levels.

You collected 183 gold pieces.


Innate Abilities, Weirdness & Mutations

You have a pair of horns on your head.
You reflexively headbutt those who attack you in melee.


   Skills:
 - Level 2.0 Fighting
 + Level 4.5 Ranged Weapons
 - Level 2.1 Dodging
 - Level 1.0 Spellcasting
 - Level 2.0 Hexes


You had 4 spell levels left.
You knew the following spells:

 Your Spells              Type           Power      Damage    Failure   Level
a - Slow                  Hex            12%        N/A       22%         1

Your spell library contained the following spells:

 Spells                   Type           Power      Damage    Failure   Level
 Inner Flame              Hex/Fire       1%         N/A       71%         3
 Portal Projectile        Hex/Tloc       2%         N/A       71%         3
 Cause Fear               Hex            1%         N/A       92%         4

Inventory:

Hand Weapons
 e - a +1 heavy sling (weapon)
Armour
 i - a +0 leather armour (worn)
Jewellery
 b - a +6 ring of strength (right hand)
 g - a +6 ring of dexterity (left hand)
Scrolls
 a - a scroll of brand weapon
 c - a scroll of identify
Potions
 h - a potion of heal wounds
 j - a potion of lignification {unknown}
 k - a potion of curing {unknown}

Dungeon Overview and Level Annotations

Branches:
Dungeon (3/15)

Altars:
Qazlal

Annotations:
D:3 1 runed translucent door


Message History

You kill the rat!
You now have 183 gold pieces (gained 14).
A goblin comes into view. It is wielding a +0 club.
The goblin moves out of view.
You shoot a sling bullet. The sling bullet hits the goblin!
You kill the goblin! 2 gnolls come into view.
Found a stone staircase leading down.
You shoot a sling bullet. The sling bullet hits the gnoll.
The gnoll shouts!
The gnoll is moderately wounded.
A gnoll comes into view. It is wielding a +0 spear.
A gnoll comes into view. It is wielding a +0 whip.
You shoot a sling bullet. The gnoll shouts!
The sling bullet hits the gnoll.
The gnoll is lightly wounded.
You hear a shout!
You shoot a sling bullet. The sling bullet hits the gnoll!
The gnoll is heavily wounded.
You shoot a sling bullet. The sling bullet hits the gnoll!
You kill the gnoll!
The gnoll throws a throwing net.
The throwing net barely misses you.
You have reached level 4!
You feel stronger.
You shoot a sling bullet.
The sling bullet barely misses the gnoll.
An endoplasm comes into view.
An adder comes into view.
The gnoll barely misses you.
You shoot a sling bullet. The adder hisses angrily.
The sling bullet hits the gnoll.
The gnoll is heavily wounded.
The gnoll hits you with a +0 club! The gnoll barely misses you.
The gnoll hits you from afar with a +0 spear.
The gnoll misses you.
You shoot a sling bullet. The sling bullet hits the gnoll.
The gnoll is severely wounded.
The gnoll hits you with a +0 flail! The gnoll closely misses you.
The gnoll hits you with a +0 club. The gnoll hits you with a +0 flail!
You die...

.. .... .....# .# ....
...... ##.. .....
....... #.. ..... ....
... #####.# ...... #..
#.##....<# ......##S#
#........# ....)..#(#
###......# ...##g@.##
##.....#
....Jgg...#######.....#
.....###..............#
.... #......####...##
... ######...####..# >.
#.....###... .
~+...#.....#. ..#..##
###... ####### .


You could see 3 gnolls, an adder and an endoplasm.

Vanquished Creatures
  A gnoll (D:3)
  An adder (D:2)
  2 dart slugs
  9 ball pythons
  5 endoplasms
  A giant cockroach (D:1)
  5 goblins
  2 hobgoblins
  2 kobolds
  3 quokkas
  4 bats
  4 frilled lizards
  5 rats
44 creatures vanquished.

Notes
Turn   | Place    | Note
-------+----------+-------------------------------------------
     0 | D:1      | qw the Minotaur Hexslinger began the quest for the Orb.
     0 | D:1      | Reached XP level 1. HP: 16/16 MP: 1/1
     0 | D:1      | 0 ||| qw: Version: 0.3-a-52-g30416fa
     0 | D:1      | 0 ||| qw: Game counter: 5979
     0 | D:1      | 0 ||| qw: Melee chars always use a shield: true
     0 | D:1      | 0 ||| qw: God list: Okawaru
     0 | D:1      | 0 ||| qw: Allow faded altars: false
     0 | D:1      | 0 ||| qw: Do Orc after clearing Dungeon:15 true
     0 | D:1      | 0 ||| qw: Do second Lair branch before Depths: true
     0 | D:1      | 0 ||| qw: Lair rune preference: random
     0 | D:1      | 0 ||| qw: Goals: Normal
     0 | D:1      | 0 ||| PLANNING D:1-11
   255 | D:1      | Reached skill level 3 in Ranged Weapons
   255 | D:1      | 255 ||| FLEEEEING.
   256 | D:1      | 256 ||| FLEEEEING.
   257 | D:1      | 257 ||| FLEEEEING.
   258 | D:1      | 258 ||| FLEEEEING.
   259 | D:1      | 259 ||| FLEEEEING.
   261 | D:1      | 261 ||| FLEEEEING.
   262 | D:1      | 262 ||| FLEEEEING.
   263 | D:1      | 263 ||| FLEEEEING.
   264 | D:1      | 264 ||| FLEEEEING.
   265 | D:1      | 265 ||| FLEEEEING.
   270 | D:1      | Reached XP level 2. HP: 22/23 MP: 2/2
   603 | D:1      | Reached XP level 3. HP: 29/29 MP: 3/3
   672 | D:1      | 672 ||| UPGRADING to +0 leather armour.
   682 | D:1      | 682 ||| DROPPING +0 robe.
   683 | D:1      | 683 ||| UPGRADING to +6 ring of dexterity.
   684 | D:1      | 684 ||| READING scroll labelled RUNKAK DEVOULEH.
   685 | D:1      | 685 ||| READING scroll labelled FOANO DASEAH.
   686 | D:1      | 686 ||| READING scroll labelled YLARYWAEFEI.
   687 | D:1      | 687 ||| READING scroll labelled PUPHOT IXACS.
   690 | D:1      | 690 ||| DRINKING 2 bubbling brown potions.
   691 | D:1      | 691 ||| DROPPING scroll of poison.
  1107 | D:2      | Reached skill level 4 in Ranged Weapons
  1125 | D:2      | Found a stormy altar of Qazlal.
  1340 | D:2      | 1340 ||| READING scroll labelled LIMAHO HYTIO.
  1341 | D:2      | 1341 ||| READING scroll labelled DELOUCLA ECOM.
  1466 | D:2      | 1466 ||| STAIRDANCE
  1652 | D:2      | 1652 ||| UPGRADING to +6 ring of strength.
  1653 | D:2      | 1653 ||| DRINKING 2 silvery potions.
  1654 | D:2      | 1654 ||| DROPPING potion of degeneration.
  1678 | D:3      | 1678 ||| PLANNING SEWER
  1689 | D:3      | Found a runed translucent door.
  1703 | D:3      | Reached XP level 4. HP: 36/36 MP: 4/4
  1705 | D:3      | Slain by a gnoll

Levels and vault maps discovered:
D:1:      psy_arrival_dodecagon, layout_loops_cross
D:2:      layout_basic, basic_altar
D:3:      layout_rooms, ebering_ghost_reflecting_pool,
          cheibrodos_sewer_entry_sluice, minmay_fractal_squares_diagonal_5,
          uniq_natasha, uniq_robin

Skill      XL: |  1  2  3 |
---------------+----------+-----
Ranged Weapons | 3 4 |  4.5
Fighting       | 2 |  2.0
Dodging        | |  2.1
Spellcasting   | |  1.0
Hexes          | |  2.0

Action                     |  1- 3 |  4- 6 || total
---------------------------+-------+-------++-------
   Fire: Sling             |   109 |     3 ||   112
    Use: Scroll            |     6 |       ||     6
         Potion            |     2 |       ||     2
 Armour: Robe              |     3 |       ||     3
         Leather armour    |     1 |       ||     1
  Dodge: Dodged            |    33 |     4 ||    37

Table legend:
 A = Non-vault XP
 B = Vault XP
 C = Vault XP percentage of total XP
 D = Non-vault monster count
 E = Vault monster count
 F = Vault count percentage of total count
                 A         B        C        D         E       F
            +---------+---------+-------+---------+---------+-------
      Total |     100 |       0 |   0.0 |      44 |       0 |   0.0
            +---------+---------+-------+---------+---------+-------
        D:1 |      43 |       0 |   0.0 |      25 |       0 |   0.0
        D:2 |      38 |       0 |   0.0 |      15 |       0 |   0.0
        D:3 |      19 |       0 |   0.0 |       4 |       0 |   0.0
            +---------+---------+-------+---------+---------+-------
